 Dungeon Crawl Stone Soup version 0.25-a0-860-gf695395b5c (webtiles) character file.

Game seed: 5241288511486285152, levelgen mode: deterministic

3 Esekla the Grave Robber (level 1, -3/9 HPs)
             Began as a Vine Stalker Necromancer on Apr 27, 2020.
             Slain by a hound (4 damage)
             ... on level 4 of the Dungeon.
             The game lasted 00:03:47 (428 turns).

Esekla the Grave Robber (Vine Stalker Necromancer)   Turns: 428, Time: 00:03:47

Health: -3/9       AC:  2    Str: 10    XL:     1   Next: 50%
Magic:  0/4        EV: 12    Int: 15    God:
Gold:   31         SH:  0    Dex: 14    Spells: 3/4 levels left

rFire    + . .     SeeInvis .   i - +0 short sword
rCold    . . .     Gourm    .   (no shield)
rNeg     . . .     Faith    .   a - +0 robe
rPois    .         Spirit   +   (no helmet)
rElec    .         Reflect  .   (no cloak)
rCorr    .         Harm     .   (no gloves)
MR       .....                  (no boots)
Stlth    ++........             (no amulet)
HPRegen  0.03/turn              (no ring)
MPRegen  0.09/turn              k - ring of protection from fire

@: no status effects
A: fangs 2, magic shield, antimagic bite, no potion heal 3, rot immunity
a: no special abilities


You were on level 4 of the Dungeon.
You were not hungry.

You visited 1 branch of the dungeon, and saw 4 of its levels.

You collected 31 gold pieces.

Inventory:

Hand Weapons
 i - a +0 short sword (weapon)
 j - a +0 club
Armour
 a - a +0 robe (worn)
Jewellery
 k - a ring of protection from fire (right hand)
Scrolls
 d - a scroll of amnesia {unknown}
 e - a scroll of fear {unknown}
 f - a scroll of blinking {unknown}
 g - a scroll of immolation {unknown}
 h - 2 scrolls of teleportation
 l - 2 scrolls of random uselessness {unknown}
Potions
 b - a potion of invisibility {unknown}
Comestibles
 c - 2 rations


   Skills:
 * Level 0.3 Fighting
 + Level 1.6 Dodging
 - Level 2.4 Stealth
 * Level 2.3 Spellcasting
 - Level 4.0 Necromancy


You had 3 spell levels left.
You knew the following spells:

 Your Spells              Type           Power        Failure   Level  Hunger
a - Pain                  Necr           ##..         4%          1    #......

Your spell library contained the following spells:

 Spells                   Type           Power        Failure   Level  Hunger
 Animate Skeleton         Necr           N/A          4%          1    #......
 Vampiric Draining        Necr           ##........   13%         3    ###....
 Animate Dead             Necr           N/A          38%         4    #####..
 Agony                    Necr           ##......     75%         5    ######.


Dungeon Overview and Level Annotations

Branches:
Dungeon (4/15)
 Temple: D:4-7

Altars:

Shops:
D:4 }


Innate Abilities, Weirdness & Mutations

You have extremely sharp teeth.
When hurt, damage is shared between your health and your magic reserves.
Your bite disrupts and absorbs the magic of your enemies.
Potions cannot restore your health.
You are immune to rotting.


Message History

Things that are here:
6 gold pieces; 21 arrows The jackal bites you. x2
You see here a short sword.
i - a short sword The jackal bites you.
The giant cockroach closely misses you. The jackal closely misses you.
The giant cockroach bites you but does no damage.
The jackal bites you. The jackal bites you.
The giant cockroach barely misses you.
i - a +0 short sword (weapon)
The giant cockroach completely misses you.
You barely miss the giant cockroach. The giant cockroach bites you.
* * * LOW HITPOINT WARNING * * *
You hit the giant cockroach.
The giant cockroach is almost dead.
The giant cockroach bites you. The hound bites you.
You die...

#..# #..# #..#
#..# #..# #..#
#######..#########
.......lsh........
#.......##@.##....
#...###.##........
.......hl...≈≈≈...
#.....hh...≈≈≈≈≈..
#..........≈≈∩....
.........$.≈≈≈≈≈..
..........<.≈≈≈...
.########...##....
#...... ..


You could see a hound, a giant cockroach and a frilled lizard.

Vanquished Creatures
  2 bats (D:3)
  A kobold (D:3)
3 creatures vanquished.

Notes
Turn   | Place    | Note
-------+----------+-------------------------------------------
     0 | D:1      | Esekla the Vine Stalker Necromancer began the quest for the
                  | Orb.
     0 | D:1      | Reached XP level 1. HP: 9/9 MP: 4/4
   413 | D:4      | Found Dusafuob's Gadget Shop.
   413 | D:4      | Noticed a hound
   428 | D:4      | Slain by a hound

Levels and vault maps discovered:
D:1:      minmay_arrival_widening_spiral_wide, layout_loops_ring,
          minmay_nonomino_d4
D:2:      kennysheep_six_static_rooms, layout_basic,
          chequers_serial_rivers_marsh, elyvilon_altar_4
D:3:      layout_basic, first_ration, grunt_ministairs_9
D:4:      old_forge, layout_rooms, nicolae_overflow_crystal_walls,
          minmay_temple_entry_antechambers, serial_shops,
          nicolae_shop_waterfront, shop_statue, nicolae_shop_trees,
          shop_fountains

Action                   || total
-------------------------++-------
Melee: Club              ||     3
       Short sword       ||     2
 Cast: Pain              ||     3
  Use: Scroll            ||     2
Armor: Robe              ||     3
Dodge: Dodged            ||    10

Table legend:
 A = Non-vault XP
 B = Vault XP
 C = Vault XP percentage of total XP
 D = Non-vault monster count
 E = Vault monster count
 F = Vault count percentage of total count
                 A         B        C        D         E       F
            +---------+---------+-------+---------+---------+-------
      Total |       5 |       0 |   0.0 |       3 |       0 |   0.0
            +---------+---------+-------+---------+---------+-------
        D:3 |       5 |       0 |   0.0 |       3 |       0 |   0.0
            +---------+---------+-------+---------+---------+-------
